 Dungeon Sprint DCSS version 0.32-a0-42-ga30500b4d3 (webtiles) character file.

Game seed: 8563014086368257204

1008 rocky1 the Grappler (level 8, -8/84 HPs)
             Began as a Troll Warper on Jan 29, 2024.
             Was a Follower of Cheibriados.
             Mangled by a troll (13 damage)
             ... in the Dungeon (Sprint IX: "|||||||||||||||||||||||||||||").
             The game lasted 00:04:51 (313 turns).

rocky1 the Grappler (Troll Warper)                   Turns: 313, Time: 00:04:51

Health: -8/84      AC:  4    Str: 25    XL:     8   Next: 1%
Magic:  10/13      EV: 13    Int: 13    God:    Cheibriados [*.....]
Gold:   0          SH:  0    Dex: 11    Spells: 15/15 levels left

rFire   . .          .
                       - Unarmed
rCold   . . .        (no shield)
rNeg    . . .        a - +0 robe
rPois   .            (helmet restricted)
rElec   .            (no cloak)
rCorr   .            (gloves unavailable)
SInv    .            (boots unavailable)
Will    .....        (no amulet)
Stlth   +            k - +2 ring of evasion
HPRegen 1.14/turn    l - +3 ring of strength
MPRegen 0.13/turn

%: no teleportation
@: very slow
A: large, unfitting armour, claws 3, regeneration 1, shaggy fur 1, tough skin 1
a: Renounce Religion, Bend Time


You were in the Dungeon.
You worshipped Cheibriados.
Cheibriados was aware of your devotion.
You visited 1 branch

Inventory:

Missiles
 c - 7 darts of dispersal (quivered)
Armour
 a - a +0 robe (worn)
Jewellery
 k - a +2 ring of evasion (left claw)
 l - a +3 ring of strength (right claw)
Wands
 j - a wand of light (9)
Scrolls
 b - a scroll of blinking
 i - 2 scrolls of amnesia
Potions
 d - 2 potions of curing
 f - a potion of haste
 g - 4 potions of magic


   Skills:
 * Level 6.4 Fighting
 - Level 1.2 Throwing
 + Level 6.3 Dodging
 * Level 8.8 Unarmed Combat
 + Level 4.1 Spellcasting
 + Level 6.8 Translocations
 + Level 3.8 Invocations


You had 15 spell levels left.
You didn't know any spells.
Your spell library contained the following spells:

 Spells                   Type           Power      Damage    Failure   Level
 Blink                    Tloc           40%        N/A       1%          2
 Lesser Beckoning         Tloc           40%        N/A       1%          2
 Teleport Other           Tloc           20%        N/A       3%          3
 Manifold Assault         Tloc           20%        N/A       12%         4
 Vhi's Electric Charge    Tloc/Air       22%        N/A       45%         4


Dungeon Overview and Level Annotations

Branches:
Dungeon (1/1)

Altars:
Cheibriados
Dithmenos
Elyvilon
Fedhas
Gozag
Hepliaklqana
Kikubaaqudgha
Makhleb
Nemelex Xobeh
Okawaru
Qazlal
Ru
Sif Muna
Trog
Uskayaw
Vehumet
Wu Jian
Xom
Yredelemnul
Zin
The Shining One
Jiyva
Lugonu


Innate Abilities, Weirdness & Mutations

You are too large for most types of armour.
You have claws for hands.
Your natural rate of healing is unusually fast.
You are covered in fur. (AC +1)
You have tough skin. (AC +1)


Message History

Your Fighting skill gained 2 levels and is now at level 6!
Your Dodging skill increases to level 6!
Your Unarmed Combat skill increases to level 8!
Your Spellcasting skill increases to level 4!
Your Invocations skill increases to level 3!
You have reached level 7!
You have reached level 8!
Unknown command.
Unknown command.
The troll barely misses you. The troll claws you! The troll misses you.
The troll bites you. The troll claws you!
* * * LOW HITPOINT WARNING * * *
The troll claws you.
* * * LOW HITPOINT WARNING * * *
There is an open door to the Temple, spattered with blood here.
Things that are here:
a +0 giant club; a +0 giant club; a two-headed ogre corpse
Aiming: Bolt of Light
Press: ? - help, Shift-Dir - straight line, f - troll
Aim: a troll (71% to hit)
The bolt of light hits the troll!
The troll is lightly wounded.
The troll is blinded.
The troll barely misses you. x3
You catch the helpless troll completely off-guard!
You scratch the troll. You claw the troll!
The troll is heavily wounded.
The troll closely misses you. The troll claws you.
* * * LOW HITPOINT WARNING * * *
The troll claws you!
* * * LOW HITPOINT WARNING * * *
You claw the troll!
The troll is severely wounded.
You closely miss the troll.
The troll is severely wounded.
The troll closely misses you. The troll barely misses you. The troll claws you.
* * * LOW HITPOINT WARNING * * *
You claw the troll!
The troll is almost dead.
The troll closely misses you. The troll barely misses you. The troll claws you!
You die... ▓▓▓▓▓▓▓▓▓▓▓▓▓▓▓▓▓▓▓▓▓▓▓▓▓▓▓▓▓▓▓▓▓ _______________T@...))'.....†...< ▓▓▓▓▓▓▓▓▓▓▓▓▓▓▓▓▓▓▓▓▓▓▓▓▓▓▓▓▓▓▓▓▓

You could see a troll (blind, unable to see you).

Vanquished Creatures
  A two-headed ogre (D)
  A hornet (D)
  An ogre (D)
  2 scorpions (D)
  An iguana (D)
  A gnoll (D)
  A hobgoblin (D)
  A quokka (D)
  2 frilled lizards (D)
  A rat (D)
12 creatures vanquished.

Notes
Turn   | Place    | Note
-------+----------+-------------------------------------------
     0 | D        | rocky1 the Troll Warper began the quest for the Orb.
     0 | D        | Reached XP level 1. HP: 19/19 MP: 1/1
    22 | D        | Noticed an iguana
    22 | D        | Noticed an ogre
    22 | D        | Noticed a scorpion
    22 | D        | Noticed a scorpion
    27 | D        | Killed a scorpion
    28 | D        | Reached skill level 1 in Throwing
    28 | D        | Reached skill level 3 in Unarmed Combat
    28 | D        | Reached XP level 2. HP: 29/29 MP: 2/4
    28 | D        | Reached XP level 3. HP: 36/36 MP: 2/5
    30 | D        | Reached skill level 4 in Unarmed Combat
    30 | D        | Reached XP level 4. HP: 44/44 MP: 2/6
    31 | D        | Killed a scorpion
    34 | D        | Killed an ogre
    35 | D        | Reached skill level 5 in Unarmed Combat
    35 | D        | Reached skill level 5 in Translocations
    35 | D        | Reached XP level 5. HP: 53/53 MP: 2/8
   203 | D        | Found a snail-covered altar of Cheibriados.
   203 | D        | Found a shadowy altar of Dithmenos.
   203 | D        | Found a white marble altar of Elyvilon.
   203 | D        | Found a blossoming altar of Fedhas.
   203 | D        | Found an opulent altar of Gozag.
   204 | D        | Found a hazy altar of Hepliaklqana.
   205 | D        | Found a viscous altar of Jiyva.
   206 | D        | Found an ancient bone altar of Kikubaaqudgha.
   207 | D        | Found a corrupted altar of Lugonu.
   208 | D        | Found a burning altar of Makhleb.
   209 | D        | Found a sparkling altar of Nemelex Xobeh.
   213 | D        | Became a worshipper of Cheibriados the Contemplative
   217 | D        | Found an iron altar of Okawaru.
   218 | D        | Found a stormy altar of Qazlal.
   219 | D        | Found a sacrificial altar of Ru.
   220 | D        | Found a shimmering blue altar of Sif Muna.
   221 | D        | Found a bloodstained altar of Trog.
   222 | D        | Found a hide-covered altar of Uskayaw.
   223 | D        | Found a radiant altar of Vehumet.
   224 | D        | Found an ornate altar of the Wu Jian Council.
   225 | D        | Found a shimmering altar of Xom.
   226 | D        | Found a basalt altar of Yredelemnul.
   227 | D        | Found a glowing silver altar of Zin.
   228 | D        | Found a glowing golden altar of the Shining One.
   256 | D        | Noticed a vampire
   256 | D        | Noticed a wyvern
   256 | D        | Noticed an acid dragon
   256 | D        | Noticed a two-headed ogre
   256 | D        | Noticed a troll
   256 | D        | Noticed a hornet
   261 | D        | Paralysed by a hornet for 1 turns
   265 | D        | Killed a hornet
   266 | D        | Reached skill level 5 in Dodging
   266 | D        | Reached skill level 7 in Unarmed Combat
   266 | D        | Reached XP level 6. HP: 24/63 MP: 8/10
   266 | D        | HP: 1/63 [two-headed ogre/+0 giant club (5)]
   272 | D        | HP: 2/63 [two-headed ogre/+0 giant club (27)]
   307 | D        | Killed a two-headed ogre
   307 | D        | Reached * piety under Cheibriados
   308 | D        | Reached skill level 8 in Unarmed Combat
   308 | D        | Reached XP level 7. HP: 43/76 MP: 10/12
   308 | D        | Reached XP level 8. HP: 47/84 MP: 10/13
   312 | D        | HP: 4/84 [troll (5)]
   313 | D        | Mangled by a troll

Illustrated notes

Levels and vault maps discovered:
D:        linesprint [early_d, line_temple, items_1, d_10, items_2, lair_1,
          lair_end, items_3, orc_1, orc_end, items_4, d_15, swamp_1, shoals_1,
          snake_1, spider_1, d_20, vaults_1, items_5, swamp_end, shoals_end,
          snake_end, spider_end, vaults_end, d_27, items_6, zot_1, zot_end,
          crypt_end, forest_end, elf_end, slime_end, tomb_end, abyss_end,
          pan_hell_end]

Skill      XL: |  1  2  3  4  5  6 |
---------------+-------------------+-----
Dodging        | 3 4 5 6 |  6.3
Fighting       | 2 3 4 6 |  6.4
Throwing       | 1 |  1.2
Unarmed Combat | 3 4 5 7 8 |  8.8
Spellcasting   | 2 3 4 |  4.1
Translocations | 4 5 6 |  6.8
Invocations    | 2 3 |  3.8

Action                     |  1- 3 |  4- 6 |  7- 9 || total
---------------------------+-------+-------+-------++-------
  Melee: Unarmed           |    17 |    21 |     4 ||    42
         Punch             |     1 |     2 |     1 ||     4
  Evoke: Wand              |       |       |     1 ||     1
    Use: Potion            |     1 |     7 |       ||     8
         Scroll            |       |     2 |       ||     2
   Stab: Invisible         |       |     3 |     1 ||     4
 Armour: Robe              |     8 |    19 |     8 ||    35
  Dodge: Dodged            |     4 |    22 |    10 ||    36

Table legend: (Time is in decaauts)
 A = Elapsed time spent in this place.
 B = Non-inter-level travel time spent in this place.
 C = Inter-level travel time spent in this place.
 D = Time resting spent in this place.
 E = Time spent auto-exploring this place.
 F = Levels seen in this place.
 G = Mean time per level.
                   A        B        C        D        E       F      G
               +--------+--------+--------+--------+--------+-----+--------+
         Total |    341 |    341 |      0 |    151 |      0 |   1 |  341.0 |
       Dungeon |    341 |    341 |      0 |    151 |      0 |   1 |  341.0 |
               +--------+--------+--------+--------+--------+-----+--------+

Top non-repeatable levels by time:
       D: 341 daAuts
